[ AOE2 MATCH · #506408311 ]
UnrankedItalians vs Teutons
Player's team · LOSS
Rival team · WIN
[ REPLAY ANALYSIS · EXTRACTED FROM THE RECORDED GAME ]
Feudal
10:09
Castle
14:05
Imperial
41:25
| APM avg | 51.8 |
| APM peak | 138 |
| eAPM avg | 25.5 |
| Villagers / military | 220 / 82 |
Focus
⚔️ 18.0% · 🌾 82.0%
Genoese Crossbowman ×54 · Spearman ×10 · Archer ×7 · Mangonel ×6 · Knight ×4 · Bombard Cannon ×1
Feudal
8:55
Castle
25:35
Imperial
41:13
| APM avg | 63.3 |
| APM peak | 106 |
| eAPM avg | 36.4 |
| Villagers / military | 145 / 93 |
Focus
⚔️ 27.0% · 🌾 73.0%
Knight ×72 · Monk ×13 · Battering Ram ×4 · Trebuchet (Packed) ×3 · Bombard Cannon ×1
Match map
Initial resources + every placement click. Lines = walls · curves = elevation contours. ◆ gold · ⬟ stone · ● berries · ✦ relic · ◌ wall gap
Your base· ✓ Closed at 14:05 · 0t walls · 2 gate(s)
Tattletale Strangler's base· ✓ Closed at 25:35 · 11t walls · 3 gate(s)
Smoothed initial terrain · ◌ = detected wall gap · hover for details
Inputs per minute
— CHAOSHI - - Tattletale Strangler
Build order — CHAOSHI
First 150 of 482 actions detected
| 0:01 | Queue | Villager (Male) |
| 0:01 | Queue | Villager (Male) |
| 0:01 | Queue | Villager (Male) |
| 0:02 | Queue | Villager (Male) |
| 0:02 | Queue | Villager (Male) |
| 0:02 | Queue | Villager (Male) |
| 0:03 | Build | House |
| 0:06 | Build | House |
| 0:07 | Build | House |
| 1:35 | Queue | Villager (Male) |
| 1:35 | Queue | Villager (Male) |
| 1:35 | Queue | Villager (Male) |
| 1:36 | Queue | Villager (Male) |
| 2:03 | Queue | Villager (Male) |
| 2:03 | Queue | Villager (Male) |
| 2:03 | Queue | Villager (Male) |
| 2:03 | Queue | Villager (Male) |
| 2:13 | Build | Lumber Camp |
| 2:17 | Queue | Villager (Male) |
| 2:17 | Queue | Villager (Male) |
| 2:17 | Queue | Villager (Male) |
| 2:18 | Queue | Villager (Male) |
| 2:45 | Queue | Villager (Male) |
| 2:45 | Queue | Villager (Male) |
| 2:45 | Queue | Villager (Male) |
| 2:45 | Queue | Villager (Male) |
| 3:00 | Queue | Villager (Male) |
| 3:00 | Queue | Villager (Male) |
| 3:01 | Queue | Villager (Male) |
| 3:28 | Build | House |
| 3:29 | Build | House |
| 3:37 | Queue | Villager (Male) |
| 3:37 | Queue | Villager (Male) |
| 3:37 | Queue | Villager (Male) |
| 3:37 | Queue | Villager (Male) |
| 3:37 | Queue | Villager (Male) |
| 4:08 | Queue | Villager (Male) |
| 4:08 | Queue | Villager (Male) |
| 4:08 | Queue | Villager (Male) |
| 4:08 | Queue | Villager (Male) |
| 4:08 | Queue | Villager (Male) |
| 4:47 | Queue | Villager (Male) |
| 4:48 | Queue | Villager (Male) |
| 4:48 | Queue | Villager (Male) |
| 4:48 | Queue | Villager (Male) |
| 4:48 | Queue | Villager (Male) |
| 4:59 | Build | Mill |
| 5:04 | Queue | Villager (Male) |
| 5:04 | Queue | Villager (Male) |
| 5:04 | Queue | Villager (Male) |
| 5:04 | Queue | Villager (Male) |
| 5:33 | Queue | Villager (Male) |
| 5:33 | Queue | Villager (Male) |
| 5:33 | Queue | Villager (Male) |
| 5:33 | Queue | Villager (Male) |
| 5:33 | Queue | Villager (Male) |
| 6:07 | Queue | Villager (Male) |
| 6:07 | Queue | Villager (Male) |
| 6:08 | Queue | Villager (Male) |
| 6:08 | Queue | Villager (Male) |
| 6:08 | Queue | Villager (Male) |
| 7:09 | Queue | Villager (Male) |
| 7:09 | Queue | Villager (Male) |
| 7:10 | Queue | Villager (Male) |
| 7:10 | Queue | Villager (Male) |
| 7:31 | Build | Mining Camp |
| 7:59 | Research | Feudal Age |
| 9:12 | Queue | Villager (Male) |
| 9:12 | Queue | Villager (Male) |
| 9:52 | Build | Mining Camp |
| 10:09 | Age | Feudal Age |
| 10:15 | Build | Market |
| 10:20 | Build | Blacksmith |
| 10:52 | Research | Loom |
| 11:25 | Research | Castle Age |
| 11:30 | Build | Watch Tower |
| 13:03 | Build | Barracks |
| 14:05 | Age | Castle Age |
| 14:10 | Build | Siege Workshop |
| 14:15 | Queue | Villager (Male) |
| 14:15 | Queue | Villager (Male) |
| 14:23 | Queue | Spearman |
| 14:25 | Queue | Spearman |
| 14:38 | Queue | Mangonel |
| 14:55 | Queue | Villager (Male) |
| 14:56 | Research | Town Watch |
| 15:00 | Build | House |
| 15:25 | Queue | Spearman |
| 15:28 | Build | House |
| 15:31 | Queue | Villager (Male) |
| 15:33 | Queue | Villager (Male) |
| 15:34 | Queue | Villager (Male) |
| 15:34 | Queue | Villager (Male) |
| 15:34 | Queue | Villager (Male) |
| 15:34 | Queue | Villager (Male) |
| 16:23 | Queue | Spearman |
| 16:48 | Queue | Mangonel |
| 17:08 | Queue | Villager (Male) |
| 17:08 | Queue | Villager (Male) |
| 17:09 | Queue | Villager (Male) |
| 17:21 | Queue | Spearman |
| 17:49 | Queue | Spearman |
| 18:16 | Queue | Villager (Male) |
| 19:00 | Build | Farm |
| 19:10 | Build | Farm |
| 19:14 | Build | Farm |
| 20:21 | Queue | Villager (Male) |
| 20:21 | Queue | Villager (Male) |
| 20:22 | Queue | Villager (Male) |
| 20:22 | Queue | Villager (Male) |
| 20:25 | Build | House |
| 20:44 | Queue | Mangonel |
| 20:49 | Queue | Villager (Male) |
| 21:06 | Queue | Villager (Male) |
| 21:06 | Queue | Villager (Male) |
| 21:06 | Queue | Villager (Male) |
| 21:06 | Queue | Villager (Male) |
| 21:42 | Build | Stable |
| 21:49 | Queue | Villager (Male) |
| 21:49 | Queue | Villager (Male) |
| 21:50 | Queue | Villager (Male) |
| 21:50 | Queue | Villager (Male) |
| 22:28 | Queue | Spearman |
| 22:34 | Build | House |
| 22:42 | Queue | Knight |
| 22:55 | Build | House |
| 22:59 | Queue | Knight |
| 23:00 | Queue | Villager (Male) |
| 23:09 | Build | Farm |
| 23:37 | Queue | Villager (Male) |
| 23:40 | Queue | Mangonel |
| 24:09 | Build | Farm |
| 24:40 | Queue | Knight |
| 24:59 | Queue | Villager (Male) |
| 24:59 | Queue | Villager (Male) |
| 24:59 | Queue | Villager (Male) |
| 24:59 | Queue | Villager (Male) |
| 24:59 | Queue | Villager (Male) |
| 25:12 | Queue | Villager (Male) |
| 25:22 | Queue | Villager (Male) |
| 25:23 | Queue | Villager (Male) |
| 25:23 | Queue | Villager (Male) |
| 25:23 | Queue | Villager (Male) |
| 25:44 | Build | Farm |
| 25:48 | Queue | Mangonel |
| 25:51 | Queue | Spearman |
| 25:55 | Build | House |
| 26:35 | Queue | Spearman |
| 26:35 | Queue | Villager (Male) |
| 26:40 | Queue | Spearman |
Build order — Tattletale Strangler
First 150 of 405 actions detected
| 0:00 | Queue | Villager (Male) |
| 0:00 | Queue | Villager (Male) |
| 0:02 | Build | House |
| 0:03 | Build | House |
| 0:03 | Queue | Villager (Male) |
| 0:04 | Queue | Villager (Male) |
| 1:26 | Queue | Villager (Male) |
| 1:44 | Queue | Villager (Male) |
| 1:53 | Build | Lumber Camp |
| 2:19 | Queue | Villager (Male) |
| 2:19 | Queue | Villager (Male) |
| 3:06 | Queue | Villager (Male) |
| 3:07 | Queue | Villager (Male) |
| 3:25 | Build | House |
| 3:46 | Queue | Villager (Male) |
| 4:15 | Queue | Villager (Male) |
| 4:15 | Queue | Villager (Male) |
| 4:15 | Queue | Villager (Male) |
| 4:16 | Queue | Villager (Male) |
| 4:22 | Build | Mill |
| 4:49 | Queue | Villager (Male) |
| 4:53 | Queue | Villager (Male) |
| 5:17 | Queue | Villager (Male) |
| 5:33 | Queue | Villager (Male) |
| 6:42 | Research | Feudal Age |
| 7:05 | Queue | Villager (Male) |
| 7:13 | Build | House |
| 8:05 | Build | Mining Camp |
| 8:34 | Research | Loom |
| 8:35 | Queue | Villager (Male) |
| 8:35 | Queue | Villager (Male) |
| 8:36 | Queue | Villager (Male) |
| 8:55 | Age | Feudal Age |
| 9:00 | Build | Blacksmith |
| 9:19 | Queue | Villager (Male) |
| 9:27 | Research | Double-Bit Axe |
| 10:06 | Build | Watch Tower |
| 10:18 | Queue | Villager (Male) |
| 10:24 | Build | House |
| 10:27 | Queue | Villager (Male) |
| 10:38 | Research | Fletching |
| 11:01 | Queue | Villager (Male) |
| 11:14 | Build | Market |
| 11:29 | Build | Watch Tower |
| 11:54 | Queue | Villager (Male) |
| 11:54 | Queue | Villager (Male) |
| 12:22 | Build | House |
| 12:25 | Build | House |
| 12:30 | Queue | Villager (Male) |
| 12:30 | Queue | Villager (Male) |
| 13:09 | Queue | Villager (Male) |
| 13:10 | Queue | Villager (Male) |
| 13:19 | Build | Watch Tower |
| 13:32 | Queue | Villager (Male) |
| 13:32 | Queue | Villager (Male) |
| 13:48 | Build | Farm |
| 13:49 | Build | Farm |
| 13:49 | Build | Farm |
| 14:25 | Queue | Villager (Male) |
| 14:25 | Queue | Villager (Male) |
| 14:29 | Queue | Villager (Male) |
| 14:32 | Build | Farm |
| 15:00 | Queue | Villager (Male) |
| 15:00 | Queue | Villager (Male) |
| 15:13 | Queue | Villager (Male) |
| 15:17 | Build | Mining Camp |
| 15:21 | Queue | Villager (Male) |
| 15:54 | Build | Watch Tower |
| 15:55 | Queue | Villager (Male) |
| 16:03 | Queue | Villager (Male) |
| 16:22 | Build | Watch Tower |
| 16:27 | Build | House |
| 16:39 | Queue | Villager (Male) |
| 16:39 | Queue | Villager (Male) |
| 17:08 | Queue | Villager (Male) |
| 17:12 | Build | Farm |
| 17:12 | Build | Farm |
| 17:12 | Build | Farm |
| 17:12 | Build | Farm |
| 17:13 | Build | Farm |
| 17:13 | Build | Farm |
| 17:13 | Build | Farm |
| 17:39 | Queue | Villager (Male) |
| 17:46 | Queue | Villager (Male) |
| 17:52 | Build | Farm |
| 17:53 | Build | Farm |
| 17:53 | Build | Farm |
| 17:53 | Build | Farm |
| 18:21 | Queue | Villager (Male) |
| 18:21 | Queue | Villager (Male) |
| 18:24 | Research | Wheelbarrow |
| 18:25 | Research | Wheelbarrow |
| 18:30 | Queue | Villager (Male) |
| 18:47 | Queue | Villager (Male) |
| 18:58 | Build | Farm |
| 18:59 | Build | Farm |
| 18:59 | Build | Farm |
| 19:01 | Build | Farm |
| 19:30 | Queue | Villager (Male) |
| 19:32 | Queue | Villager (Male) |
| 20:10 | Build | House |
| 20:16 | Build | House |
| 20:24 | Build | House |
| 20:26 | Build | House |
| 20:30 | Queue | Villager (Male) |
| 20:33 | Queue | Villager (Male) |
| 20:43 | Build | Mining Camp |
| 21:05 | Queue | Villager (Male) |
| 21:06 | Queue | Villager (Male) |
| 21:08 | Queue | Villager (Male) |
| 21:10 | Queue | Villager (Male) |
| 21:36 | Build | Outpost |
| 21:52 | Queue | Villager (Male) |
| 22:10 | Build | Mining Camp |
| 22:12 | Queue | Villager (Male) |
| 22:18 | Research | Gold Mining |
| 22:55 | Research | Castle Age |
| 23:09 | Build | Watch Tower |
| 23:42 | Queue | Villager (Male) |
| 23:49 | Build | Stone Wall |
| 23:51 | Build | Stone Wall |
| 24:14 | Build | Stone Wall |
| 24:39 | Queue | Villager (Male) |
| 24:39 | Queue | Villager (Male) |
| 24:41 | Build | House |
| 25:03 | Queue | Villager (Male) |
| 25:03 | Queue | Villager (Male) |
| 25:07 | Queue | Villager (Male) |
| 25:08 | Queue | Villager (Male) |
| 25:11 | Queue | Villager (Male) |
| 25:35 | Age | Castle Age |
| 25:41 | Build | Market |
| 25:57 | Queue | Villager (Male) |
| 25:58 | Queue | Villager (Male) |
| 26:10 | Build | Monastery |
| 26:11 | Queue | Villager (Male) |
| 26:11 | Queue | Villager (Male) |
| 26:18 | Queue | Villager (Male) |
| 26:31 | Build | Town Center |
| 26:32 | Queue | Villager (Male) |
| 26:35 | Queue | Monk |
| 26:35 | Queue | Monk |
| 26:40 | Build | Monastery |
| 26:56 | Build | House |
| 27:05 | Build | House |
| 27:20 | Queue | Villager (Male) |
| 27:20 | Queue | Villager (Male) |
| 27:21 | Queue | Villager (Male) |
| 27:21 | Queue | Villager (Male) |
| 27:21 | Queue | Villager (Male) |
Match timeline
| 8:55 | Tattletale Strangler · age_up feudal |
| 10:09 | CHAOSHI · age_up feudal |
| 13:01 | Tattletale Strangler · first_market_sell 100 wood |
| 13:03 | CHAOSHI · first_building Barracks |
| 14:05 | CHAOSHI · age_up castle |
| 14:10 | CHAOSHI · first_building Siege Workshop |
| 16:22 | CHAOSHI · first_market_buy 100 food |
| 17:47 | CHAOSHI · first_market_sell 100 stone |
| 21:42 | CHAOSHI · first_building Stable |
| 23:49 | Tattletale Strangler · wall_segment Stone Wall x5 |
| 23:51 | Tattletale Strangler · wall_segment Stone Wall x5 |
| 24:14 | Tattletale Strangler · wall_segment Stone Wall x1 |
| 25:35 | Tattletale Strangler · age_up castle |
| 26:10 | Tattletale Strangler · first_building Monastery |
| 28:57 | CHAOSHI · wall_segment Stone Wall x1 |
| 32:07 | Tattletale Strangler · first_building Barracks |
| 33:14 | Tattletale Strangler · first_building Stable |
| 34:04 | Tattletale Strangler · wall_segment Stone Wall x25 |
| 35:08 | Tattletale Strangler · first_market_buy 100 wood |
| 36:10 | Tattletale Strangler · wall_segment Stone Wall x5 |
| 37:07 | Tattletale Strangler · wall_segment Stone Wall x8 |
| 38:48 | CHAOSHI · first_building Monastery |
| 39:10 | CHAOSHI · first_building Castle |
| 41:13 | Tattletale Strangler · age_up imperial |
| 41:25 | CHAOSHI · age_up imperial |
| 41:32 | Tattletale Strangler · first_building Castle |
| 41:42 | CHAOSHI · first_building Archery Range |
| 41:48 | Tattletale Strangler · first_building Siege Workshop |
| 44:01 | Tattletale Strangler · wall_segment Stone Wall x14 |
| 44:29 | Tattletale Strangler · wall_segment Stone Wall x6 |
| 45:50 | Tattletale Strangler · wall_segment Stone Wall x4 |
| 47:07 | CHAOSHI · resign |
[ AI ANALYSIS · 1 CREDIT ]
What really happened in this match?
Wolo.gg analyzes every decision: build order, eco, micro, common mistakes by bracket. Personalized analysis on WhatsApp or Discord in 30 seconds.
Civ guide
Italians
Perfil
Jugador #25387709